 Seeded DCSS version 0.29-a0-1023-g6ae1a4a2c7 (webtiles) character file.

Game seed: 20220811 (custom seed)

850 flotson the Trooper (level 7, 0/56 HPs)
             Began as a Demonspawn Delver on Aug 11, 2022.
             Killed by divine providence
             ... invoked by an orc priest
              (16 damage)
             ... on level 4 of the Dungeon.
             The game lasted 00:09:45 (5417 turns).

flotson the Trooper (Demonspawn Delver)             Turns: 5417, Time: 00:09:48

Health: 0/56       AC: 16    Str: 14    XL:     7   Next: 69%
Magic:  7/7        EV:  7    Int: 11    God:
Gold:   128        SH:  0    Dex: 15    Spells: 6/6 levels left

rFire   . . .      SeeInvis .   a - +0 morningstar
rCold   . . .      Faith    .   (no shield)
rNeg    . . .      Spirit   .   i - +0 storm dragon scales
rPois   .          Reflect  .   j - +1 helmet
rElec   +          Harm     .   (no cloak)
rCorr   +          Rampage  .   n - +0 pair of gloves
Will    .....                   (no boots)
Stlth   ..........              (no amulet)
HPRegen 0.18/turn               m - ring of resist corrosion
MPRegen 0.10/turn               (no ring)

@: studying Throwing
A: thin metallic scales 1, demonic guardian 1
a: no special abilities


You were on level 4 of the Dungeon.
You visited 1 branch of the dungeon, and saw 5 of its levels.

You collected 128 gold pieces.

Inventory:

Hand Weapons
 a - a +0 morningstar (weapon)
Missiles
 t - 6 boomerangs (quivered)
Armour
 i - +0 storm dragon scales (worn)
 j - a +1 helmet (worn)
 n - a +0 pair of gloves (worn)
 s - a scarf of invisibility
Jewellery
 m - a ring of resist corrosion (left hand)
Wands
 g - a wand of digging (3)
 q - a wand of flame (20)
 v - a wand of paralysis (12)
Scrolls
 b - 6 scrolls of enchant weapon {unknown}
 c - 2 scrolls of fog
 e - a scroll of fear
 k - 3 scrolls of teleportation {unknown}
 o - a scroll of blinking {unknown}
 u - a scroll of identify {unknown}
 x - a scroll of immolation {unknown}
Potions
 d - a potion of degeneration {unknown}
 f - 4 potions of heal wounds {unknown}
 h - 2 potions of flight {unknown}
 l - 3 potions of curing {unknown}
 p - 2 potions of attraction {unknown}
 r - 2 potions of haste
 w - a potion of ambrosia {unknown}


   Skills:
 + Level 5.0 Fighting
 + Level 1.0(1.5) Axes
 - Level 1.7(1.9) Polearms
 + Level 3.4 Throwing
 + Level 3.4 Armour
 + Level 4.0 Dodging
 - Level 4.5 Stealth
 + Level 3.7 Evocations


You had 6 spell levels left.
You didn't know any spells.
Your spell library was empty.

Dungeon Overview and Level Annotations

Branches:
Dungeon (5/15)
 Temple: D:4-7

Altars:


Innate Abilities, Weirdness & Mutations

You are partially covered in thin metallic scales. (AC +2)
A weak demonic guardian rushes to your aid.


Message History

You closely miss the orc priest.
The orc wizard shouts!
You hear a shout!
The orc priest barely misses you.
The orc priest hits you but does no damage.
You closely miss the orc wizard.
The orc wizard points at you and mumbles some strange words.
The puff of flame hits you.
The orc priest calls down the wrath of Beogh upon you.
Pain shoots through your body!
You hit the orc wizard.
The orc wizard is moderately wounded.
The orc wizard points at you and mumbles some strange words.
You resist with some effort.
The orc priest hits you with a +0 hand axe.
The orc wizard gestures at you while chanting.
The puff of flame hits you.
An orc priest comes into view.
It is wielding a +0 dagger of holy wrath.
The orc priest hits you with a +0 hand axe.
An orc comes into view. It is wielding a +0 dagger.
The orc wizard attacks as you move away!
The orc wizard barely misses you.
There is a stone staircase leading up here.
The orc wizard closely misses you.
The orc priest mumbles some strange prayers to Beogh against you.
Beogh smites you!
* * * LOW HITPOINT WARNING * * *
The orc priest hits you with a +0 hand axe.
* * * LOW HITPOINT WARNING * * *
You climb upwards.
There is a stone staircase leading down here.
Unknown command.
You closely miss the orc priest. The orc priest barely misses you.
The orc wizard closely misses you.
You hit the orc priest.
The orc priest is moderately wounded.
The orc priest hits you but does no damage.
The orc wizard hits you but does no damage.
The orc priest invokes the aid of Beogh against you.
Beogh smites you!
You die...

......<...##.#####.##########..##
.........##..# #รทรท## ##...
..#.....###.## ##..# ####
#######.....# ##.# ...####.#####
#####.###### ........#
#..........####### .....####
#................. .....#
#oo....>.......... .....##
#@................
......##########[.........#.#.###
...##....)......#######..........
###############.......#..........
#######............
####.......###........
#..............#......
################...... #######


You could see an orc priest and an orc wizard.

Vanquished Creatures
  Sigmund (D:2)
  Menkaure (D:4)
  A phantom (D:3)
  A scorpion (D:4)
  A gnoll bouda (D:3)
  Jessica (D:2)
  Natasha (thrice) (D:2)
  4 orc wizards
  3 gnolls
  7 adders
  2 worms (D:2)
  2 dart slugs (D:1)
  9 orcs
  5 endoplasms
  4 giant cockroaches
  6 goblins
  7 hobgoblins
  4 jackals (D:4)
  A kobold (D:3)
  3 quokkas
  5 ball pythons
  4 bats
  2 frilled lizards
  4 rats
81 creatures vanquished.

Vanquished Creatures (collateral kills)
  A howler monkey (D:4)
  A gnoll (D:4)
2 creatures vanquished.

Vanquished Creatures (others)
  A plant (D:1)
1 creature vanquished.

Grand Total: 84 creatures vanquished

Notes
Turn   | Place    | Note
-------+----------+-------------------------------------------
     0 | D:5      | flotson the Demonspawn Delver began the quest for the Orb.
     0 | D:5      | Reached XP level 1. HP: 18/18 MP: 1/1
    62 | D:5      | Noticed a phantom
    68 | D:5      | Noticed a black bear
    74 | D:5      | Noticed an iguana
    90 | D:4      | Noticed a howler monkey
   107 | D:4      | Gained mutation: You are partially covered in thin metallic
                  | scales. (AC +2) [demonic ancestry]
   107 | D:4      | Reached XP level 2. HP: 10/24 MP: 2/2
   129 | D:4      | Noticed a phantom
   477 | D:1      | Reached skill level 1 in Evocations
   579 | D:1      | Reached skill level 1 in Armour
   715 | D:1      | Reached XP level 3. HP: 29/29 MP: 3/3
  1165 | D:2      | Noticed Jessica
  1174 | D:2      | Killed Jessica
  1250 | D:2      | Reached XP level 4. HP: 22/35 MP: 4/4
  1531 | D:2      | Noticed Natasha
  1535 | D:2      | You fall into a shaft and drop 2 floors!
  1688 | D:2      | Killed Natasha
  1798 | D:2      | Noticed Sigmund
  2178 | D:2      | Noticed Natasha
  2185 | D:2      | Killed Natasha
  2186 | D:2      | Reached XP level 5. HP: 42/42 MP: 5/5
  2567 | D:3      | Reached skill level 4 in Fighting
  2807 | D:3      | Found a faded altar of an unknown god.
  3176 | D:4      | Noticed Menkaure
  3185 | D:4      | Killed Menkaure
  3186 | D:4      | Reached skill level 1 in Throwing
  3186 | D:4      | Gained mutation: A weak demonic guardian rushes to your
                  | aid. [demonic ancestry]
  3186 | D:4      | Reached XP level 6. HP: 48/48 MP: 6/6
  3692 | D:3      | Reached XP level 7. HP: 39/55 MP: 7/7
  4609 | D:2      | Noticed Natasha
  4614 | D:2      | Killed Natasha
  4985 | D:2      | Killed Sigmund
  4986 | D:2      | Reached skill level 5 in Fighting
  5311 | D:5      | Reached skill level 1 in Axes
  5417 | D:4      | Killed from afar by an orc priest

Illustrated notes

Levels and vault maps discovered:
D:1:      dpeg_arrival_shelter, layout_loops_ring, serial_bayou,
          serial_bayou_pond_e, serial_bayou_lake_a, serial_bayou_shore_b,
          serial_bayou_pond_e, minmay_fountain_box
D:2:      layout_rooms, minmay_circle_x, uniq_natasha, uniq_jessica,
          uniq_sigmund
D:3:      layout_basic, ebering_ecumenical_altar_rust
D:4:      layout_rooms, uniq_menkaure
D:5:      layout_cave_pools, zin_academy, nicolae_ossuary_entry_ruins,
          due_unseen_surprise

Skill      XL: |  1  2  3  4  5  6  7 |
---------------+----------------------+-----
Dodging        | 2 3 4 |  4.0
Evocations     | 1 2 3 |  3.7
Armour         | 1 2 3 |  3.4
Fighting       | 4 5 |  5.0
Throwing       | 1 2 3 |  3.4
Axes           | 1 |  1.0
Polearms       | |  1.7
Stealth        | |  4.5

Action                   |  1- 3 |  4- 6 |  7- 9 || total
-------------------------+-------+-------+-------++-------
Melee: Spear             |    97 |   184 |       ||   281
       Punch             |     1 |     2 |     1 ||     4
       Morningstar       |       |    70 |    73 ||   143
Throw: Boomerang         |       |       |     5 ||     5
Evoke: Wand              |       |     4 |       ||     4
  Use: Scroll            |     1 |       |       ||     1
       Potion            |     1 |       |       ||     1
 Stab: Sleeping          |     1 |       |       ||     1
Armor: Leather armour    |     7 |       |       ||     7
       Storm dragon scal |    64 |   199 |    81 ||   344
Dodge: Dodged            |    34 |   107 |    36 ||   177

Table legend: (Time is in decaauts)
 A = Elapsed time spent in this place.
 B = Non-inter-level travel time spent in this place.
 C = Inter-level travel time spent in this place.
 D = Time resting spent in this place.
 E = Time spent auto-exploring this place.
 F = Levels seen in this place.
 G = Mean time per level.
                   A        B        C        D        E       F      G
               +--------+--------+--------+--------+--------+-----+--------+
         Total |   5528 |   5104 |    424 |    765 |   3328 |   5 | 1105.6 |
       Dungeon |   5528 |   5104 |    424 |    765 |   3328 |   5 | 1105.6 |
               +--------+--------+--------+--------+--------+-----+--------+

Top non-repeatable levels by time:
     D:3: 1768 daAuts
     D:2: 1571 daAuts
     D:1: 1270 daAuts
     D:4: 808 daAuts
     D:5: 108 daAuts
